 Dungeon Crawl Stone Soup version 0.20.1-1-g8b1a95d (webtiles) character file.

7207 polve the Severer (level 11, -1/99 HPs)
             Began as a Hill Orc Fighter on July 10, 2017.
             Was the Champion of Uskayaw.
             Slain by a polar bear (7 damage)
             ... in an ice cave.
             The game lasted 00:14:42 (8206 turns).

polve the Severer (Hill Orc Fighter)                Turns: 8206, Time: 00:14:43

Health: -1/99      AC: 12    Str: 20    XL:     11   Next: 11%
Magic:  0/11       EV:  5    Int:  8    God:    Uskayaw [******]
Gold:   420        SH: 10    Dex: 18    Spells: 10/10 levels left

rFire    . . .     SeeInvis .   a - +0 war axe
rCold    + . .     Gourm    .   c - +0 shield
rNeg     . . .     Faith    .   r - +0 chain mail
rPois    +         Spirit   +   (no helmet)
rElec    .         Reflect  .   h - scarf {cloud immunity}
rCorr    .         Harm     .   (no gloves)
MR       .....                  Q - +0 pair of boots of the Jabberwock {Dex+5}
Stlth    ..........             l - amulet of guardian spirit
Regen    0.3/turn               e - ring of protection from cold
MPRegen  0.2/turn               x - ring of poison resistance

@: no status effects
A: no striking features
a: Stomp, Line Pass, Grand Finale, Renounce Religion


You were in an ice cave.
You worshipped Uskayaw.
Uskayaw was noncommittal.
You were not hungry.

You visited 3 branches of the dungeon, and saw 11 of its levels.
You also visited: Ice Cave.

You collected 420 gold pieces.

Inventory:

Hand Weapons
 a - a +0 war axe (weapon)
Armour
 c - a +0 shield (worn)
 h - a scarf of cloud immunity (worn)
 r - a +0 chain mail (worn)
 Q - the +0 pair of boots of the Jabberwock (worn) {Dex+5}
   (You found it on level 7 of the Dungeon)

   It affects your dexterity (+5).
Jewellery
 e - a ring of protection from cold (left hand)
 l - an amulet of guardian spirit (around neck)
 x - a ring of poison resistance (right hand)
 I - an uncursed ring of see invisible
 K - an uncursed ring of protection from fire
 S - an uncursed ring of wizardry {unknown}
Wands
 y - a wand of flame (26/48)
 C - a wand of lightning (3/15)
 J - a wand of acid (8/15)
Scrolls
 b - 5 scrolls of enchant armour {unknown}
 d - a scroll of enchant weapon {unknown}
 j - 6 scrolls of teleportation
 m - 2 scrolls of identify
 n - a scroll of random uselessness {unknown}
 o - 3 scrolls of remove curse
 p - a scroll of torment {unknown}
 s - a scroll of acquirement {unknown}
 t - 3 scrolls of recharging {unknown}
 u - a scroll of noise {unknown}
 v - 3 scrolls of fog {unknown}
 E - 3 scrolls of immolation {unknown}
 F - 2 scrolls of blinking {unknown}
 H - a scroll of fear {unknown}
 N - a scroll of amnesia
Potions
 i - a potion of curing
 w - 5 potions of flight
 z - 2 potions of magic
 A - a potion of resistance {unknown}
 B - a potion of degeneration {unknown}
 D - a potion of brilliance
 G - a potion of lignification {unknown}
 L - a potion of haste {unknown}
 M - a potion of invisibility {unknown}
 P - 2 potions of agility {unknown}
Comestibles
 f - 2 bread rations
 k - 4 royal jellies
 q - 4 meat rations
 O - 2 fruits


   Skills:
 - Level 10.0 Fighting
 + Level 15.4 Axes
 + Level 9.4 Armour
 * Level 3.8 Shields


You had 10 spell levels left.
You didn't know any spells.

Dungeon Overview and Level Annotations

Branches:
Dungeon (9/15)             Temple (1/1) D:6            Lair (1/6) D:9
    Orc: D:9-12

Altars:
Ashenzari
Cheibriados
Dithmenos
Elyvilon
Fedhas
Gozag
Hepliaklqana
Kikubaaqudgha
Makhleb
Nemelex Xobeh
Okawaru
Qazlal
Ru
Sif Muna
Trog
Uskayaw
Vehumet
Xom
Yredelemnul
Zin
The Shining One

Shops:
D:8 }


Message History

You barely miss the yak. You block the polar bear's attack.
The polar bear claws you but does no damage.
The polar bear barely misses you. The yak gores you but does no damage.
You slash the polar bear!
The polar bear is almost dead.
You hit the yak. The polar bear barely misses you. x2
You block the polar bear's attack. The yak gores you.
* * * LOW HITPOINT WARNING * * *
Your shield prevents you from hitting the polar bear.
The polar bear is almost dead.
You hit the yak. The polar bear bites you!
* * * LOW HITPOINT WARNING * * *
The polar bear claws you.
* * * LOW HITPOINT WARNING * * *
You block the polar bear's attack. The yak gores you!
* * * LOW HITPOINT WARNING * * *
Okay, then.
You hear an angry growl.
The polar bear bites you!
You die...

#### ##..## ####
##....#####..##
#.......##..hY#
#.∩.∩......@#.h.....
#..........###......
##....##..## ##...#
##..###### ... ####
.. .


You could see a polar bear (berserk) and a yak.

Vanquished Creatures
  A two-headed ogre (D:8)
  3 polar bears (IceCv)
  A troll (D:9)
  A hippogriff (D:7)
  4 yaks (IceCv)
  Menkaure (D:4)
  3 soldier ants (D:5)
  Duvessa (D:4)
  3 water moccasins (D:5)
  9 ice beasts
  2 orc warriors
  A phantom (D:4)
  An ogre (D:6)
  3 centaurs
  4 wolves
  Dowan (D:4)
  A scorpion (D:8)
  8 killer bees (D:5)
  7 howler monkeys
  3 electric eels (D:9)
  7 crimson imps
  8 hounds
  2 bullfrog skeletons
  4 orc priests
  A jelly (D:5)
  A centaur skeleton (D:8)
  Ijyb (D:3)
  8 orc wizards
  9 worker ants
  A killer bee zombie (D:6)
  2 hound skeletons
  A howler monkey skeleton (D:4)
  6 gnolls
  11 adders
  2 shadow imps
  2 adder skeletons
  2 adder zombies (D:5)
  2 worms
  5 dart slugs
  5 leopard geckos
  35 orcs
  3 ball pythons
  5 giant cockroaches
  7 goblins
  6 hobgoblins
  9 jackals
  9 kobolds
  6 quokkas
  3 bats
  8 frilled lizards
  A leopard gecko skeleton (D:7)
  10 rats
240 creatures vanquished.

Notes
Turn   | Place    | Note
-------+----------+-------------------------------------------
     0 | D:1      | polve the Hill Orc Fighter began the quest for the Orb.
     0 | D:1      | Reached XP level 1. HP: 19/19 MP: 1/1
    32 | D:1      | Reached skill level 3 in Axes
   106 | D:1      | Reached XP level 2. HP: 25/27 MP: 2/2
   755 | D:2      | Reached skill level 4 in Axes
   755 | D:2      | Reached XP level 3. HP: 33/33 MP: 3/3
   938 | D:2      | Found a white marble altar of Elyvilon.
  1324 | D:3      | Reached XP level 4. HP: 40/41 MP: 4/4
  1434 | D:3      | Reached skill level 5 in Fighting
  1434 | D:3      | Reached skill level 5 in Axes
  1439 | D:3      | Reached XP level 5. HP: 43/48 MP: 3/5
  1491 | D:3      | Found an opulent altar of Gozag.
  1508 | D:3      | Noticed Ijyb
  1524 | D:3      | Killed Ijyb
  1933 | D:3      | Found a radiant altar of Vehumet.
  2077 | D:4      | Reached skill level 6 in Axes
  2113 | D:4      | Reached XP level 6. HP: 35/56 MP: 4/6
  2295 | D:4      | Noticed Menkaure
  2301 | D:4      | Killed Menkaure
  2301 | D:4      | Reached skill level 7 in Axes
  2478 | D:4      | Noticed a phantom
  2507 | D:4      | Killed a phantom
  2507 | D:4      | Reached skill level 8 in Axes
  2507 | D:4      | Reached XP level 7. HP: 51/64 MP: 7/7
  2790 | D:4      | Noticed Duvessa
  2797 | D:4      | Noticed Dowan
  2805 | D:4      | Killed Duvessa
  2811 | D:4      | Killed Dowan
  2811 | D:4      | Reached skill level 9 in Axes
  2905 | D:5      | Entered Level 5 of the Dungeon
  3060 | D:5      | Found a runed gate.
  3060 | D:5      | Noticed a soldier ant
  3060 | D:5      | Noticed a soldier ant
  3060 | D:5      | Noticed a soldier ant
  3062 | D:5      | Found a runed door.
  3199 | D:5      | Reached XP level 8. HP: 73/73 MP: 8/8
  3230 | D:5      | Found a runed door.
  3232 | D:5      | Found a runed gate.
  3292 | D:5      | Reached skill level 10 in Axes
  3549 | D:5      | Found a runed gate.
  4010 | D:5      | Reached skill level 11 in Axes
  4018 | D:5      | Reached XP level 9. HP: 40/82 MP: 4/9
  4020 | D:5      | Reached skill level 12 in Axes
  4616 | D:6      | Found a shattered altar of Ashenzari.
  4642 | D:6      | Reached skill level 13 in Axes
  4765 | D:6      | Found a staircase to the Ecumenical Temple.
  4804 | Temple   | Entered the Ecumenical Temple
  5029 | Temple   | Became a worshipper of Uskayaw the Reveler
  5128 | D:5      | Reached * piety under Uskayaw
  5195 | D:6      | Reached ** piety under Uskayaw
  5274 | D:6      | Reached *** piety under Uskayaw
  6006 | D:7      | Reached skill level 10 in Fighting
  6201 | D:7      | Reached **** piety under Uskayaw
  6226 | D:7      | Got a pair of scorched boots
  6237 | D:7      | Identified the +0 pair of boots of the Jabberwock {Dex+5} (You found it on level 7 of the Dungeon)
  6278 | D:7      | Reached skill level 14 in Axes
  6278 | D:7      | Reached XP level 10. HP: 79/93 MP: 7/10
  6619 | D:8      | Found Lyli's Gadget Boutique.
  6939 | D:8      | Noticed a two-headed ogre
  6945 | D:8      | Killed a two-headed ogre
  6945 | D:8      | Reached skill level 5 in Armour
  7353 | D:9      | Found a staircase to the Lair.
  7368 | D:9      | Reached ***** piety under Uskayaw
  7825 | Lair:1   | Entered Level 1 of the Lair of Beasts
  7825 | Lair:1   | Found a frozen archway.
  7858 | Lair:1   | Reached skill level 15 in Axes
  7865 | IceCv    | Entered an ice cave
  7887 | IceCv    | Reached ****** piety under Uskayaw
  8179 | IceCv    | Reached XP level 11. HP: 81/99 MP: 8/11
  8206 | IceCv    | Slain by a polar bear

Skill      XL: |  1  2  3  4  5  6  7  8  9 10 11 |
---------------+----------------------------------+-----
Axes           | 3 4 5 6 8 9 11 14 15 | 15.4
Fighting       | 4 5 6 7 8 10 | 10.0
Armour         | 4 8 9 |  9.4
Shields        | |  3.8

Action                   |  1- 3 |  4- 6 |  7- 9 | 10-12 || total
-------------------------+-------+-------+-------+-------++-------
Melee: War axe           |   108 |   135 |   350 |   169 ||   762
  Use: Scroll            |       |       |     8 |       ||     8
       Potion            |       |       |     9 |     5 ||    14
 Stab: Paralysed         |       |       |     2 |    16 ||    18
  Eat: Chunk             |     1 |     4 |    13 |     6 ||    24
Armor: Scale mail        |    57 |       |       |       ||    57
       Chain mail        |    21 |   120 |   191 |   107 ||   439
Dodge: Dodged            |    20 |    26 |    85 |    40 ||   171
Block: Shield            |    61 |    75 |   168 |   104 ||   408
